 Dungeon Crawl Stone Soup version 0.28-a0-948-gee6e0bcda6 (webtiles) character file.

Game seed: 6670553019362735028

755 Gargoyl the Skirmisher (level 7, -3/90 HPs)
             Began as a Gnoll Abyssal Knight on Nov 30, 2021.
             Was a Believer of Lugonu.
             Slain by a two-headed ogre (18 damage)
             ... on level 5 of the Dungeon.
             The game lasted 00:06:31 (5083 turns).

Gargoyl the Skirmisher (Gnoll Abyssal Knight)       Turns: 5083, Time: 00:06:32

Health: -3/90      AC: 13    Str: 14    XL:     7   Next: 79%
Magic:  11/11      EV:  5    Int: 10    God:    Lugonu [**....]
Gold:   193        SH:  7    Dex: 12    Spells: 11/11 levels left

rFire   . . .      SeeInvis .   a - +1 hand axe
rCold   + . .      Faith    .   m - +3 buckler
rNeg    . . .      Spirit   .   j - +1 plate armour
rPois   .          Reflect  .   (no helmet)
rElec   .          Harm     .   (no cloak)
rCorr   +          Rampage  .   (no gloves)
Will    .....                   (no boots)
Stlth   ..........              l - amulet of magic regeneration
HPRegen 0.25/turn               e - ring of protection from cold
MPRegen 0.52/turn               s - ring of resist corrosion

@: berserking, very quick
A: fangs 1, strong nose, distributed training
a: Renounce Religion, Depart the Abyss, Bend Space


You were on level 5 of the Dungeon.
You worshipped Lugonu.
Lugonu was pleased with you.
You visited 1 branch of the dungeon, and saw 5 of its levels.
You visited the Abyss 1 time.
You also visited: Sewer.

You collected 193 gold pieces.

Inventory:

Hand Weapons
 a - a +1 hand axe (weapon)
Missiles
 g - 8 poisoned darts (quivered)
Armour
 j - a +1 plate armour (worn)
 m - a +3 buckler (worn)
Jewellery
 e - a ring of protection from cold (left hand)
 i - a +6 ring of intelligence
 l - an amulet of magic regeneration (around neck)
 n - a +6 ring of intelligence
 s - a ring of resist corrosion (right hand)
Scrolls
 c - 2 scrolls of blinking
 f - 4 scrolls of teleportation
Potions
 d - 3 potions of lignification
 h - a potion of brilliance
 o - 4 potions of flight
 q - 3 potions of curing


   Skills:
 + Level 7.1 Fighting
 + Level 2.7 Short Blades
 + Level 2.7 Long Blades
 + Level 5.3 Axes
 + Level 2.7 Maces & Flails
 + Level 2.7 Polearms
 + Level 2.7 Staves
 + Level 2.7 Slings
 + Level 2.7 Bows
 + Level 2.7 Crossbows
 + Level 2.7 Throwing
 + Level 5.3 Armour
 + Level 3.8 Dodging
 + Level 2.7 Stealth
 + Level 2.7 Shields
 + Level 2.7 Unarmed Combat
 + Level 2.7 Spellcasting
 + Level 2.2 Conjurations
 + Level 2.2 Hexes
 + Level 2.2 Summonings
 + Level 2.2 Necromancy
 + Level 2.2 Translocations
 + Level 2.2 Transmutations
 + Level 2.2 Fire Magic
 + Level 2.2 Ice Magic
 + Level 2.2 Air Magic
 + Level 2.2 Earth Magic
 + Level 2.2 Poison Magic
 + Level 5.5 Invocations
 + Level 2.7 Evocations


You had 11 spell levels left.
You didn't know any spells.
Your spell library was empty.

Dungeon Overview and Level Annotations

Branches:
Dungeon (5/15)              Sewer (visited)
 Temple: D:4-7

Altars:


Innate Abilities, Weirdness & Mutations

You have very sharp teeth.
Your uncanny sense of smell can sniff out nearby items.
Your experience applies equally to all skills.


Message History

Aim: a two-headed ogre, wielding two +0 giant clubs (moderately wounded, 73% to hit)
You throw a poisoned dart.
The poisoned dart hits the two-headed ogre.
The two-headed ogre is poisoned.
The two-headed ogre is moderately wounded.
The two-headed ogre hits you but does no damage.
The two-headed ogre hits you with a +0 giant club!!
Okay, then.
You open the door.
The two-headed ogre looks more healthy.
There is an open door here.
You feel much better.
The two-headed ogre hits you with a +0 giant club!!
You block the two-headed ogre's attack.
You feel much better. You block the two-headed ogre's attack.
The two-headed ogre hits you but does no damage.
A red film seems to cover your vision as you go berserk!
You feel yourself moving faster!
You feel mighty!
The two-headed ogre hits you with a +0 giant club.
You block the two-headed ogre's attack.
You hit the two-headed ogre.
The two-headed ogre is moderately wounded.
You barely miss the two-headed ogre.
The two-headed ogre is moderately wounded.
The two-headed ogre hits you with a +0 giant club!!
You block the two-headed ogre's attack.
You hit the two-headed ogre.
The two-headed ogre is heavily wounded.
You slash the two-headed ogre!
The two-headed ogre is severely wounded.
The two-headed ogre hits you with a +0 giant club!
* * * LOW HITPOINT WARNING * * *
The two-headed ogre hits you with a +0 giant club!
* * * LOW HITPOINT WARNING * * *
You hit the two-headed ogre. Your bite misses the two-headed ogre.
The two-headed ogre is severely wounded.
You slash the two-headed ogre!
The two-headed ogre is almost dead.
The two-headed ogre hits you with a +0 giant club!!
You die...

#......<.......## +#..)....##.
#...............## ##...........
#................###....).......
#.................#..#..).......
#....(<..............#.......##.
#######+######'#.....#.......##
........#......#.....#..........
.(.....('......#O....#..........
........#......#@....#..........
################.....#.##...####
###....#..........#'##.#######
.#.....#..........#...........
.#.....#..........#...........
.#.....#..........#...........
.#.....#..........#...........
.#.....'..........#...........
.#(....#..........#...........


You could see a two-headed ogre.

Vanquished Creatures
  A small abomination (Abyss:1)
  An ice beast (D:5)
  A phantom (D:5)
  A kobold brigand (Sewer)
  A centaur zombie (D:5)
  An orc priest (D:3)
  2 bullfrog skeletons
  3 orc wizards
  Terence (D:3)
  A hound skeleton (D:4)
  A howler monkey skeleton (D:5)
  6 adders
  A river rat (Sewer)
  3 worms
  4 dart slugs
  8 orcs
  5 ball pythons
  7 endoplasms
  3 giant cockroaches
  6 goblins
  4 hobgoblins
  5 kobolds
  3 quokkas
  3 bats
  5 frilled lizards
  8 rats
85 creatures vanquished.

Vanquished Creatures (collateral kills)
  A quokka (D:3)
1 creature vanquished.

Vanquished Creatures (others)
  An orc wizard (D:3)
1 creature vanquished.

Grand Total: 87 creatures vanquished

Notes
Turn   | Place    | Note
-------+----------+-------------------------------------------
     0 | Abyss:1  | Gargoyl the Gnoll Abyssal Knight began the quest for the
                  | Orb.
     0 | Abyss:1  | Reached XP level 1. HP: 23/23 MP: 3/3
    38 | Abyss:1  | Noticed a small abomination
    39 | Abyss:1  | Killed a small abomination
    40 | Abyss:1  | Reached skill level 1 in Short Blades
    40 | Abyss:1  | Reached skill level 1 in Long Blades
    40 | Abyss:1  | Reached skill level 1 in Maces & Flails
    40 | Abyss:1  | Reached skill level 1 in Polearms
    40 | Abyss:1  | Reached skill level 1 in Staves
    40 | Abyss:1  | Reached skill level 1 in Slings
    40 | Abyss:1  | Reached skill level 1 in Bows
    40 | Abyss:1  | Reached skill level 1 in Crossbows
    40 | Abyss:1  | Reached skill level 1 in Throwing
    40 | Abyss:1  | Reached skill level 1 in Stealth
    40 | Abyss:1  | Reached skill level 1 in Shields
    40 | Abyss:1  | Reached skill level 1 in Unarmed Combat
    40 | Abyss:1  | Reached skill level 1 in Spellcasting
    40 | Abyss:1  | Reached skill level 1 in Conjurations
    40 | Abyss:1  | Reached skill level 1 in Hexes
    40 | Abyss:1  | Reached skill level 1 in Summonings
    40 | Abyss:1  | Reached skill level 1 in Necromancy
    40 | Abyss:1  | Reached skill level 1 in Translocations
    40 | Abyss:1  | Reached skill level 1 in Transmutations
    40 | Abyss:1  | Reached skill level 1 in Fire Magic
    40 | Abyss:1  | Reached skill level 1 in Ice Magic
    40 | Abyss:1  | Reached skill level 1 in Air Magic
    40 | Abyss:1  | Reached skill level 1 in Earth Magic
    40 | Abyss:1  | Reached skill level 1 in Poison Magic
    40 | Abyss:1  | Reached skill level 1 in Evocations
    40 | Abyss:1  | Reached XP level 2. HP: 29/29 MP: 5/5
    40 | Abyss:1  | Reached XP level 3. HP: 35/35 MP: 6/6
    40 | Abyss:1  | Reached XP level 4. HP: 41/41 MP: 7/7
    40 | Abyss:1  | Reached XP level 5. HP: 47/47 MP: 8/8
    68 | Abyss:1  | Found a corrupted altar of Lugonu.
    71 | Abyss:1  | Noticed a tentacled starspawn
   115 | Abyss:1  | Noticed a glowing orange brain
   138 | Abyss:1  | Noticed a hell hound
   138 | Abyss:1  | Noticed a hell hound
   138 | Abyss:1  | Noticed a hell hound
   140 | Abyss:1  | Noticed a smoke demon
   140 | D:1      | Escaped the Abyss
   443 | D:1      | Reached * piety under Lugonu
   645 | D:1      | Found a faded altar of an unknown god.
  1248 | D:2      | You fall into a shaft and drop 2 floors!
  1944 | D:3      | Noticed Terence
  1967 | D:3      | Killed Terence
  1968 | D:3      | Reached skill level 5 in Invocations
  2389 | D:3      | Reached XP level 6. HP: 53/53 MP: 9/9
  2734 | D:3      | Reached ** piety under Lugonu
  2739 | D:3      | Reached skill level 5 in Axes
  2739 | D:3      | Reached skill level 5 in Armour
  3808 | D:4      | Identified the +5 morningstar of Subterfuge {flame, rPois
                  | MP+9 Str-3 Dex+5}
  4031 | D:5      | Entered Level 5 of the Dungeon
  4065 | D:5      | Reached XP level 7. HP: 51/59 MP: 10/10
  4220 | D:5      | Reached skill level 7 in Fighting
  4221 | D:5      | Found a glowing drain.
  4236 | Sewer    | Entered a sewer
  4628 | Sewer    | Found a glowing silver altar of Zin.
  5023 | D:5      | Noticed a two-headed ogre
  5083 | D:5      | Slain by a two-headed ogre

Illustrated notes

Levels and vault maps discovered:
D:1:      erik_arrival_cave_to_civilisation [erik_arrival_cave_to_hall],
          layout_basic, shapermc_ecumenical_altar_pompeii
D:2:      layout_basic, minmay_misc_feat_alley
D:3:      layout_basic, uniq_terence
D:4:      layout_basic, minmay_joined_circles
D:5:      layout_gridville, nemelex_diamond_rough_becter, portal_sewer_entry_b,
          hangedman_feature_mirror, kennysheep_decorative_pillar

Skill      XL: |  1  2  3  4  5  6  7 |
---------------+----------------------+-----
Short Blades   | 1 2 |  2.7
Long Blades    | 1 2 |  2.7
Maces & Flails | 1 2 |  2.7
Polearms       | 1 2 |  2.7
Staves         | 1 2 |  2.7
Slings         | 1 2 |  2.7
Bows           | 1 2 |  2.7
Crossbows      | 1 2 |  2.7
Throwing       | 1 2 |  2.7
Stealth        | 1 2 |  2.7
Shields        | 1 2 |  2.7
Unarmed Combat | 1 2 |  2.7
Spellcasting   | 1 2 |  2.7
Conjurations   | 1 2 |  2.2
Hexes          | 1 2 |  2.2
Summonings     | 1 2 |  2.2
Necromancy     | 1 2 |  2.2
Translocations | 1 2 |  2.2
Transmutations | 1 2 |  2.2
Fire Magic     | 1 2 |  2.2
Ice Magic      | 1 2 |  2.2
Air Magic      | 1 2 |  2.2
Earth Magic    | 1 2 |  2.2
Poison Magic   | 1 2 |  2.2
Evocations     | 1 2 |  2.7
Dodging        | 3 |  3.8
Invocations    | 5 |  5.5
Axes           | 5 |  5.3
Armour         | 5 |  5.3
Fighting       | 7 |  7.1

Action                   |  1- 3 |  4- 6 |  7- 9 || total
-------------------------+-------+-------+-------++-------
Melee: Hand axe          |       |   267 |    58 ||   325
       Bite              |       |    27 |    11 ||    38
       Punch             |       |     2 |       ||     2
       Morningstar       |       |    11 |    60 ||    71
Throw: Dart              |       |       |     9 ||     9
Invok: Depart the Abyss  |       |     1 |       ||     1
  Use: Scroll            |     1 |    10 |     4 ||    15
       Potion            |       |     5 |     3 ||     8
 Stab: Sleeping          |       |     1 |       ||     1
Armor: Plate armour      |       |   110 |   115 ||   225
       Leather armour    |       |    22 |       ||    22
       Skin              |       |    65 |       ||    65
Dodge: Dodged            |       |    84 |    28 ||   112
Block: Buckler           |       |    25 |    38 ||    63

Table legend: (Time is in decaauts)
 A = Elapsed time spent in this place.
 B = Non-inter-level travel time spent in this place.
 C = Inter-level travel time spent in this place.
 D = Time resting spent in this place.
 E = Time spent auto-exploring this place.
 F = Levels seen in this place.
 G = Mean time per level.
                   A        B        C        D        E       F      G
               +--------+--------+--------+--------+--------+-----+--------+
         Total |   5156 |   5024 |    132 |    796 |   3147 |   7 |  736.6 |
       Dungeon |   4536 |   4404 |    132 |    547 |   2927 |   5 |  907.2 |
         Abyss |    141 |    141 |      0 |      0 |     85 |   1 |  141.0 |
         Sewer |    479 |    479 |      0 |    249 |    134 |   1 |  479.0 |
               +--------+--------+--------+--------+--------+-----+--------+

Top non-repeatable levels by time:
     D:3: 1420 daAuts
     D:2: 961 daAuts
     D:4: 768 daAuts
     D:1: 759 daAuts
     D:5: 626 daAuts
   Sewer: 479 daAuts
 Abyss:1: 141 daAuts
